 Dungeon Crawl Stone Soup version 0.21.1-1-g345015f (webtiles) character file.

127 goulibeur the Unweaver (level 4, -5/36 HPs)
             Began as a Demonspawn Abyssal Knight on July 19, 2018.
             Was a Follower of Lugonu.
             Killed by nerve-wracking pain
             ... invoked by an orc priest
              (8 damage)
             ... on level 3 of the Dungeon.
             The game lasted 00:06:51 (3316 turns).

goulibeur the Unweaver (Demonspawn Abyssal Knight)  Turns: 3316, Time: 00:06:52

Health: -5/36      AC:  6    Str: 12    XL:     4   Next: 85%
Magic:  0/7        EV:  9    Int: 14    God:    Lugonu [*.....]
Gold:   136        SH:  0    Dex: 13    Spells: 3/3 levels left

rFire    + . .     SeeInvis .   j - +3 hand axe
rCold    . . .     Gourm    .   (no shield)
rNeg     . . .     Faith    .   k - +0 scale mail
rPois    .         Spirit   +   s - +0 helmet
rElec    .         Reflect  .   (no cloak)
rCorr    .         Harm     .   (no gloves)
MR       .....                  o - -2 pair of boots (curse)
Stlth    ..........             (no amulet)
HPRegen  0.12/turn              (no ring)
MPRegen  0.10/turn              (no ring)

@: no status effects
A: fire resistance 1, magic shield, MP-powered wands
a: Depart the Abyss, Renounce Religion


You were on level 3 of the Dungeon.
You worshipped Lugonu.
Lugonu was aware of your devotion.
You were hungry.

You visited 1 branch of the dungeon, and saw 3 of its levels.
You visited the Abyss 1 time.

You collected 136 gold pieces.

Inventory:

Hand Weapons
 a - a +1 short sword
 j - a +3 hand axe (weapon)
Armour
 b - a +0 leather armour
 k - a +0 scale mail (worn)
 o - a cursed -2 pair of boots (worn)
 s - a +0 helmet (worn)
Jewellery
 n - a +3 ring of intelligence {unknown}
 p - a +2 ring of protection {unknown}
Scrolls
 d - a scroll of blinking {unknown}
 e - 3 scrolls of magic mapping {unknown}
 f - a scroll of fear {unknown}
 g - 2 scrolls of enchant armour {unknown}
 h - a scroll of immolation {unknown}
 l - a scroll of enchant weapon {unknown}
 m - a scroll of random uselessness {unknown}
Potions
 i - a potion of heal wounds {unknown}
 q - a potion of might {unknown}
 u - a potion of agility {unknown}
 v - a potion of lignification {unknown}
Books
 r - a book of Misfortune

   Spells                             Type                      Level
   a - Confusing Touch                Hexes                        1
   b - Confuse                        Hexes                        3
   c - Gell's Gravitas                Translocation                3
   d - Petrify                        Transmutation/Earth          4
   e - Metabolic Englaciation         Hexes/Ice                    5
   f - Yara's Violent Unravelling     Hexes/Transmutation          5
Comestibles
 c - 5 rations


   Skills:
 + Level 3.6 Fighting
 - Level 1.7 Short Blades
 + Level 2.6 Armour
 + Level 1.9 Dodging
 * Level 4.5 Invocations


You had 3 spell levels left.
You didn't know any spells.

Dungeon Overview and Level Annotations

Branches:
Dungeon (3/15)

Altars:
Dithmenos
Kikubaaqudgha
Nemelex Xobeh
Trog


Innate Abilities, Weirdness & Mutations

Your flesh is heat resistant. (rF+)
When hurt, damage is shared between your health and your magic reserves.
You expend magic power (3 MP) to strengthen your wands.


Message History

The orc priest hits you but does no damage.
You hit the orc priest but do no damage.
The orc priest calls down the wrath of Beogh upon you.
Beogh smites you!
* * * LOW HITPOINT WARNING * * *
The orc priest looks encouraged for a moment.
You slash the orc priest!
The orc priest is heavily wounded.
The orc priest mumbles some strange prayers to Beogh against you.
You barely resist.
The orc priest hits you but does no damage.
You hit the orc priest.
The orc priest is severely wounded.
The orc priest closely misses you.
You hit the orc priest.
You kill the orc priest!
Lugonu accepts your kill.
The orc priest calls down the wrath of Beogh upon you.
Pain shoots through your body!
You die...

........##o#
.###.##l##l#
#..#o##.#
#....##.#
##.####.#
#.####..# #o#
#.......# #.#
###.§§#o# #.#
...§§_§#@###.#
....§§.#§.##.#
.....+.§§.##o#
####
.....####.##.#
####... .....
#[##.# #.....#
#### #.##.#
#.....#
#..#.######.....#
##.#....#.[..#.#.
#.#....#....#...


You could see an orc priest.

Vanquished Creatures
  An orc priest (D:3)
  The ghost of dscm the Digger, a weakling GrEE (D:3)
  4 adders
  A worm (D:2)
  2 leopard geckos (D:3)
  2 orcs (D:3)
  3 ball pythons
  5 giant cockroaches
  6 goblins
  4 hobgoblins
  A quokka (D:2)
  4 bats (D:2)
  3 frilled lizards
  3 kobolds
  5 rats
45 creatures vanquished.

Notes
Turn   | Place    | Note
-------+----------+-------------------------------------------
     0 | Abyss:1  | goulibeur the Demonspawn Abyssal Knight began the quest for the Orb.
     0 | Abyss:1  | Reached XP level 1. HP: 18/18 MP: 2/2
    59 | Abyss:1  | Noticed a cacodemon
    67 | Abyss:1  | Gained mutation: You expend magic power (3 MP) to strengthen your wands. [a cacodemon]
    73 | D:1      | Escaped the Abyss
   428 | D:1      | Reached skill level 1 in Dodging
   878 | D:1      | Gained mutation: Your flesh is heat resistant. (rF+) [demonic ancestry]
   878 | D:1      | Reached XP level 2. HP: 21/24 MP: 4/4
  1119 | D:1      | Reached * piety under Lugonu
  1119 | D:1      | Reached skill level 3 in Invocations
  1886 | D:2      | Found a bloodstained altar of Trog.
  2167 | D:2      | Gained mutation: When hurt, damage is shared between your health and your magic reserves. [demonic ancestry]
  2167 | D:2      | Reached XP level 3. HP: 29/29 MP: 5/5
  2466 | D:2      | Found a sparkling altar of Nemelex Xobeh.
  2568 | D:3      | Reached skill level 4 in Invocations
  2686 | D:3      | Found an ancient bone altar of Kikubaaqudgha.
  2703 | D:3      | Reached XP level 4. HP: 19/35 MP: 5/7
  3033 | D:3      | Noticed dscm's ghost (weakling GrEE)
  3055 | D:3      | Killed dscm's ghost
  3243 | D:3      | Found a shadowy altar of Dithmenos.
  3316 | D:3      | Killed from afar by an orc priest

Skill      XL: |  1  2  3 |
---------------+----------+-----
Dodging        | 1 |  1.9
Invocations    | 3 4 |  4.5
Armour         | 2 |  2.6
Fighting       | |  3.6
Short Blades   | |  1.7

Action                   |  1- 3 |  4- 6 || total
-------------------------+-------+-------++-------
Melee: Hand axe          |   127 |    30 ||   157
       Short sword       |    15 |       ||    15
Invok: Depart the Abyss  |     1 |       ||     1
  Eat: Chunk             |     6 |     1 ||     7
Armor: Leather armour    |     9 |       ||     9
       Scale mail        |    52 |     9 ||    61
Dodge: Dodged            |    92 |    11 ||   103
